 Dungeon Crawl Stone Soup version 0.22-a0-455-ga0624bf (webtiles) character file.

874 pk666 the Magician (level 7, -3/36 HPs)
             Began as a Deep Elf Fire Elementalist on June 5, 2018.
             Was an Initiate of Vehumet.
             Slain by an unseen horror (10 damage)
             ... on level 6 of the Dungeon.
             The game lasted 00:13:40 (5940 turns).

pk666 the Magician (Deep Elf Fire Elementalist)     Turns: 5940, Time: 00:13:40

Health: -3/36      AC:  3    Str: 10    XL:     7   Next: 74%
Magic:  12/19      EV: 13    Int: 22    God:    Vehumet [......]
Gold:   245        SH:  0    Dex: 15    Spells: 6/19 levels left

rFire    . . .     SeeInvis .   (no weapon)
rCold    . . .     Gourm    .   (no shield)
rNeg     . . .     Faith    .   a - +0 robe
rPois    .         Spirit   .   (no helmet)
rElec    .         Reflect  .   e - +0 cloak
rCorr    .         Harm     .   (no gloves)
MR       .....                  (no boots)
Stlth    ++........             (no amulet)
HPRegen  0.12/turn              i - +5 ring of strength
MPRegen  0.16/turn              (no ring)

@: no status effects
A: no striking features
a: Renounce Religion


You were on level 6 of the Dungeon.
You worshipped Vehumet.
Vehumet was noncommittal.
You were not hungry.

You visited 2 branches of the dungeon, and saw 7 of its levels.

You collected 245 gold pieces.

Inventory:

Armour
 a - a +0 robe (worn)
 e - a +0 cloak (worn)
Jewellery
 i - a +5 ring of strength (left hand)
 r - a +3 ring of dexterity {unknown}
Wands
 b - a wand of digging (19)
Scrolls
 d - 2 scrolls of teleportation {unknown}
 f - a scroll of random uselessness {unknown}
 g - 5 scrolls of identify
 h - a scroll of fear {unknown}
 k - 3 scrolls of remove curse
 m - a scroll of noise {unknown}
 q - a scroll of enchant weapon {unknown}
Potions
 j - 2 potions of heal wounds
 l - a potion of invisibility
 n - a potion of might
 o - a potion of ambrosia
 p - a potion of curing
 s - a potion of lignification {unknown}
Comestibles
 c - 11 rations


   Skills:
 - Level 2.4 Dodging
 - Level 2.4 Stealth
 + Level 6.7 Spellcasting
 + Level 6.5 Conjurations
 + Level 6.0 Fire Magic


You had 6 spell levels left.
You knew the following spells:

 Your Spells              Type           Power        Failure   Level  Hunger
a - Flame Tongue          Conj/Fire      ####.        1%          1    None
b - Sticky Flame          Conj/Fire      ####....     6%          4    ###....
c - Conjure Flame         Conj/Fire      ####....     1%          3    #......
z - Fireball              Conj/Fire      ####......   19%         5    #####..

Your spell library contained the following spells:

 Spells                   Type           Power        Failure   Level  Hunger
 Throw Flame              Conj/Fire      ####..       1%          2    None
 Inner Flame              Hex/Fire       ###.....     8%          3    #......


Dungeon Overview and Level Annotations

Branches:
Dungeon (6/15)             Temple (1/1) D:5

Altars:
Ashenzari
Cheibriados
Dithmenos
Elyvilon
Fedhas
Gozag
Hepliaklqana
Kikubaaqudgha
Makhleb
Nemelex Xobeh
Okawaru
Ru
Sif Muna
Trog
Uskayaw
Vehumet
Wu Jian
Xom
Yredelemnul
The Shining One


Message History

Aiming: Flame Tongue (safe; 1% risk of failure)
Press: ? - help, Shift-Dir - straight line, f/p - Menkaure
Aim: Menkaure (almost destroyed)
The flame tongue hits Menkaure.
Menkaure is burned terribly!
You destroy Menkaure!
Vehumet accepts your kill.
Your Fire Magic skill increases to level 6!
You start resting.
Your magical contamination has completely faded away.
You start resting.
Something hits you.
Deactivating autopickup; reactivate with Ctrl-A.
You start resting.
Something hits you. Something hits you! x2
* * * LOW HITPOINT WARNING * * *
Casting: Flame Tongue (safe; 1% risk of failure)
Confirm with . or Enter, or press ? or * to list all spells.
Aiming: Flame Tongue (safe; 1% risk of failure)
Press: ? - help, Shift-Dir - straight line The flame tongue hits something.
Something hits you!
You die...

+.. #... #... +.(..
...########..
..........# # #
#.......## #. <#
###.<##..... #. .#
#@..........
###.###.####'#..#......
#......................
#..........$..###.#...#
#....<........+ ......
#?............# ....#
#.............# #.#.#
#....r.######## ..
#......#


There were no monsters in sight!

Vanquished Creatures
  Sigmund (D:3)
  Menkaure (D:6)
  An ogre (D:4)
  The ghost of Tungsten the Caller, an amateur MfSu (D:3)
  A scorpion (D:4)
  An orc priest (D:4)
  2 orc wizards
  A bullfrog skeleton (D:5)
  Ijyb (D:2)
  Terence (D:3)
  3 worker ants (D:4)
  7 adders
  An adder skeleton (D:5)
  3 worms
  4 dart slugs
  2 leopard geckos
  11 orcs
  4 giant cockroaches
  5 goblins
  6 hobgoblins
  A quokka (D:5)
  3 ball pythons
  A ball python skeleton (D:5)
  4 bats
  5 frilled lizards
  4 kobolds
  6 rats
81 creatures vanquished.

Notes
Turn   | Place    | Note
-------+----------+-------------------------------------------
     0 | D:1      | pk666 the Deep Elf Fire Elementalist began the quest for the Orb.
     0 | D:1      | Reached XP level 1. HP: 10/10 MP: 6/6
   139 | D:1      | Reached XP level 2. HP: 15/15 MP: 5/8
   778 | D:2      | Found a shadowy altar of Dithmenos.
   924 | D:2      | Reached XP level 3. HP: 19/19 MP: 8/10
  1196 | D:2      | Found a white marble altar of Elyvilon.
  1196 | D:2      | Found a deep blue altar of Sif Muna.
  1679 | D:3      | Noticed Ijyb
  1729 | D:2      | Killed Ijyb
  1764 | D:3      | Reached XP level 4. HP: 23/24 MP: 5/11
  1815 | D:3      | Learned a level 4 spell: Sticky Flame
  1819 | D:3      | Learned a level 3 spell: Conjure Flame
  2010 | D:3      | Noticed Tungsten's ghost (amateur MfSu)
  2027 | D:3      | Killed Tungsten's ghost
  2027 | D:3      | Reached XP level 5. HP: 28/28 MP: 1/13
  2216 | D:3      | Noticed Sigmund
  2827 | D:3      | Killed Sigmund
  2827 | D:3      | Reached skill level 5 in Spellcasting
  2827 | D:3      | Reached skill level 5 in Conjurations
  2827 | D:3      | Reached XP level 6. HP: 11/32 MP: 2/15
  3085 | D:3      | Found an ancient bone altar of Kikubaaqudgha.
  3203 | D:3      | Found a blossoming altar of Fedhas.
  3238 | D:3      | Noticed Terence
  3245 | D:3      | Killed Terence
  3383 | D:4      | Found a shimmering altar of Xom.
  3393 | D:4      | Reached skill level 5 in Fire Magic
  3723 | D:4      | Found a snail-covered altar of Cheibriados.
  3840 | D:4      | Reached XP level 7. HP: 31/36 MP: 10/17
  3850 | D:4      | Learned a level 5 spell: Fireball
  4052 | D:4      | Found a hide-covered altar of Uskayaw.
  4565 | D:4      | Found a radiant altar of Vehumet.
  4575 | D:4      | Became a worshipper of Vehumet
  4717 | D:5      | Entered Level 5 of the Dungeon
  4770 | D:5      | Found a staircase to the Ecumenical Temple.
  4774 | Temple   | Entered the Ecumenical Temple
  5866 | D:6      | Noticed Menkaure
  5900 | D:6      | Killed Menkaure
  5940 | D:6      | Slain by an unseen horror

Vault maps used:
D:1:      minmay_arrival_hallway, minmay_misc_feat_roman
D:2:      nicolae_overflow_hidden_temple, nicolae_dithmenos_shadow_blocks
D:3:      grunt_temple_overflow_growth_and_decay, first_ration, uniq_terence,
          uniq_sigmund, uniq_ijyb
D:4:      marbit_many_paths, lemuel_round_altar, kennysheep_slug_shrine,
          lemuel_doored_altar
D:5:      minmay_temple_entry_glassed_door
D:6:      kennysheep_orc_sif_temple, st_stairs_12, uniq_menkaure
Temple:   minmay_temple_bridge_abc

Skill      XL: |  1  2  3  4  5  6  7 |
---------------+----------------------+-----
Conjurations   | 2 3 4 5 6 |  6.5
Spellcasting   | 4 5 6 |  6.7
Fire Magic     | 4 5 6 |  6.0
Dodging        | |  2.4
Stealth        | |  2.4

Action                   |  1- 3 |  4- 6 |  7- 9 || total
-------------------------+-------+-------+-------++-------
Melee: Unarmed           |     6 |       |     2 ||     8
 Cast: Flame Tongue      |    75 |    84 |    52 ||   211
       Conjure Flame     |       |     4 |     6 ||    10
  Use: Potion            |     3 |     3 |       ||     6
       Scroll            |       |       |     4 ||     4
  Eat: Chunk             |     2 |     7 |     4 ||    13
       Ration            |       |       |     1 ||     1
Armor: Robe              |    10 |     2 |     2 ||    14
Dodge: Dodged            |    42 |    28 |     3 ||    73

Table legend:
 A = Spawn XP
 B = Non-spawn XP
 C = Spawn XP percentage of total XP
 D = Spawn monster count
 E = Non-spawn monster count
 F = Spawn count percentage of total count
 G = Total turns spent on level
                    A         B        C        D         E        F      G
               +---------+---------+-------+---------+---------+-------+---------
         Total |       0 |    1249 |   0.0 |       0 |      81 |   0.0 |  5940
               +---------+---------+-------+---------+---------+-------+---------
           D:1 |       0 |      32 |   0.0 |       0 |      20 |   0.0 |   746
           D:2 |       0 |      60 |   0.0 |       0 |      12 |   0.0 |   997
           D:3 |       0 |     488 |   0.0 |       0 |      22 |   0.0 |  1839
           D:4 |       0 |     450 |   0.0 |       0 |      22 |   0.0 |  1135
           D:5 |       0 |      47 |   0.0 |       0 |       4 |   0.0 |   970
           D:6 |       0 |     172 |   0.0 |       0 |       1 |   0.0 |    58
               +---------+---------+-------+---------+---------+-------+---------
